 Dungeon Crawl Stone Soup version 0.28.0-43-g3370ac3207 (webtiles) character file.

Game seed: 14969037078216313325

43336 crimpus the Cleaver (level 13, -2/113 HPs)
             Began as a Demigod Brigand on Mar 11, 2022.
             Slain by a juggernaut zombie (42 damage)
             ... on level 15 of the Dungeon.
             The game lasted 00:46:25 (32393 turns).

crimpus the Cleaver (Demigod Brigand)              Turns: 32393, Time: 00:46:25

Health: -2/113     AC: 30    Str: 28    XL:     13   Next: 53%
Magic:  16/16      EV:  9    Int: 22    God:
Gold:   1197       SH: 12    Dex: 21    Spells: 12/12 levels left

rFire   + + .      SeeInvis +   t - +11 hand axe of the Morning {venom, Int+4}
rCold   . . .      Faith    .   c - +2 kite shield
rNeg    + + .      Spirit   .   V - +8 chain mail "Tyocvef" {rF++ Dex+6}
rPois   .          Reflect  .   J - +0 hat {Int+3}
rElec   .          Harm     .   U - +2 cloak of the Thief {*Fog Slay-2 SInv Stlth+}
rCorr   .          Rampage  .   j - +1 pair of gloves
Will    +....                   S - +2 pair of boots {Fly}
Stlth   +.........              (no amulet)
HPRegen 0.28/turn               y - ring of positive energy
MPRegen 0.15/turn               F - ring of positive energy

@: flying
A: high MP 1, forlorn, divine attributes, clever 1, passive freeze
a: no special abilities


You were on level 15 of the Dungeon.
You visited 1 branch of the dungeon, and saw 15 of its levels.
You visited the Abyss 1 time.
You also visited: Ossuary and Gauntlet.

You collected 1197 gold pieces.

Inventory:

Hand Weapons
 a - a +3 vorpal dagger
 m - a +0 dagger of venom
 t - the +11 hand axe of the Morning (weapon) {venom, Int+4}
   (You found it on level 4 of the Dungeon)

   It poisons the flesh of those it strikes.
   Int:       It affects your intelligence (+4).
 z - a +1 spear of venom
 R - a +1 flail of holy wrath
 Z - the +1 mace of the Red Skies {venom, rC- Will+ Int+4}
   (You found it on level 15 of the Dungeon)

   It poisons the flesh of those it strikes.
   Int:       It affects your intelligence (+4).
   rC:        It makes you vulnerable to cold.
   Will:      It increases your willpower.
Missiles
 d - 49 poisoned darts (quivered)
 e - 7 curare-tipped darts
 x - 6 throwing nets
Armour
 c - a +2 kite shield (worn)
 j - a +1 pair of gloves (worn)
 J - a +0 hat of intelligence (worn)
 S - a +2 pair of boots of flying (worn)
 U - the +2 cloak of the Thief (worn) {*Fog Slay-2 SInv Stlth+}
   (You found it in a Gauntlet)

   It may release a thick cloud of smoke when the wearer is hurt.
   Slay:      It affects your accuracy & damage with ranged weapons and melee
   (-2).
   SInv:      It lets you see invisible.
   Stlth:     It makes you more stealthy.
 V - the +8 chain mail "Tyocvef" (worn) {rF++ Dex+6}
   (You found it on level 13 of the Dungeon)

   Dex:       It affects your dexterity (+6).
   rF:        It greatly protects you from fire.
Jewellery
 p - a ring of fire
 q - a ring of positive energy
 y - a ring of positive energy (left hand)
 F - a ring of positive energy (right hand)
 O - a ring of poison resistance
 P - a ring of flight
 Y - a ring of resist corrosion
Wands
 g - a wand of digging (12)
 r - a wand of paralysis (16)
 A - a wand of charming (10)
 H - a wand of iceblast (14)
 K - a wand of acid (2)
 L - a wand of flame (38)
 Q - a wand of polymorph (6)
Scrolls
 f - 3 scrolls of fear
 l - 3 scrolls of teleportation
 u - 2 scrolls of magic mapping
 v - a scroll of vulnerability {unknown}
 B - 2 scrolls of silence
 C - 2 scrolls of enchant weapon
 D - 2 scrolls of blinking
 E - 3 scrolls of fog
 G - 2 scrolls of enchant armour
 I - 11 scrolls of identify
 W - a scroll of brand weapon
Potions
 b - 2 potions of resistance
 h - 3 potions of attraction
 i - 2 potions of mutation
 k - 4 potions of flight
 n - 3 potions of might
 o - a potion of brilliance
 s - 8 potions of curing
 w - 10 potions of degeneration
 M - a potion of berserk rage
 X - a potion of lignification {unknown}
Miscellaneous
 N - a condenser vane
 T - a lightning rod (4/4)


   Skills:
 + Level 9.9 Fighting
 + Level 2.8 Short Blades
 * Level 14.2 Axes
 - Level 1.7 Throwing
 + Level 13.1 Armour
 - Level 3.4 Dodging
 - Level 5.0 Stealth
 * Level 2.9 Shields
 - Level 1.0 Evocations


You had 12 spell levels left.
You didn't know any spells.
Your spell library contained the following spells:

 Spells                   Type           Power      Damage    Failure   Level
 Apportation              Tloc           0%         N/A       89%         1
 Foxfire                  Conj/Fire      0%         2x1d4     89%         1
 Pain                     Necr           0%         1d4       89%         1
 Blink                    Tloc           0%         N/A       96%         2
 Scorch                   Fire           0%         2d5       96%         2
 Dazzling Flash           Conj/Hex       0%         N/A       99%         3
 Gell's Gravitas          Tloc           0%         N/A       99%         3
 Lesser Beckoning         Tloc           0%         N/A       99%         3
 Teleport Other           Tloc           0%         N/A       99%         3
 Tukima's Dance           Hex            0%         N/A       99%         3
 Flame Wave               Conj/Fire      0%         2d4       100%        4
 Iskenderun's Mystic Bla  Conj/Tloc      0%         2d3       100%        4
 Olgreb's Toxic Radiance  Pois           0%         N/A       100%        4
 Passage of Golubria      Tloc           0%         N/A       100%        4
 Agony                    Necr           0%         N/A       100%        5
 Alistair's Intoxication  Tmut/Pois      0%         N/A       100%        5
 Excruciating Wounds      Necr           0%         N/A       100%        5
 Fireball                 Conj/Fire      0%         3d3       100%        5
 Iskenderun's Battlesphe  Conj           0%         2d6       100%        5
 Manifold Assault         Tloc           0%         N/A       100%        5
 Summon Forest            Summ/Tloc      0%         N/A       100%        5
 Yara's Violent Unravell  Hex/Tmut       0%         3d3       100%        5
 Conjure Ball Lightning   Conj/Air       0%         3x3d6     100%        6
 Eringya's Noxious Bog    Tmut/Pois      0%         N/A       100%        6
 Iron Shot                Conj/Erth      0%         9d1       100%        6
 Starburst                Conj/Fire      0%         6d3       100%        6
 Statue Form              Tmut/Erth      0%         N/A       100%        6
 Summon Cactus Giant      Summ           0%         N/A       100%        6
 Orb of Destruction       Conj           0%         9d5       100%        7
 Ozocubu's Refrigeration  Ice            0%         4d5       100%        7
 Spellforged Servitor     Conj/Summ      0%         N/A       100%        7
 Storm Form               Tmut/Air       0%         N/A       100%        7
 Summon Hydra             Summ           0%         N/A       100%        7
 Ignition                 Fire           0%         3d3       100%        8
 Chain Lightning          Conj/Air       0%         N/A       100%        9
 Fire Storm               Conj/Fire      0%         5d1       100%        9
 Shatter                  Erth           0%         3d5*      100%        9


Dungeon Overview and Level Annotations

Branches:
Dungeon (15/15)            Temple (0/1) D:6            Lair (0/6) D:10
    Orc (0/2) D:11         Vaults (0/5) D:13         Depths (0/4) D:15
Ossuary (visited)         Gauntlet (visited)

Shops:
D:5 :*=*   D:10 (   D:11 (:*

Annotations:
D:6 1 runed translucent door, smarlow's ghost, novice MiFi


Innate Abilities, Weirdness & Mutations

You have an increased reservoir of magic. (+10% MP)
You shall have no god before yourself.
Your divine heritage dramatically boosts your attributes as you level up.
Your mind is acute. (Int +2)
A frigid envelope surrounds you and freezes all who hurt you.


Message History

You slash the guardian mummy! You hit the juggernaut zombie.
The juggernaut zombie is severely damaged.
You barely miss the guardian mummy. The guardian mummy misses you.
You hit the juggernaut zombie but do no damage.
The juggernaut zombie is severely damaged.
You hit the guardian mummy but do no damage.
The juggernaut zombie hits you!!
With a swish of your cloak, you release a cloud of fog.
The juggernaut zombie resists.
The juggernaut zombie is very cold.
The juggernaut zombie is severely damaged.
The juggernaut zombie completely misses you.
There is a stone staircase leading up here.
You slash the guardian mummy!
The guardian mummy is heavily damaged.
You hit the guardian mummy but do no damage.
The guardian mummy is heavily damaged.
You block the guardian mummy's attack.
You barely miss the guardian mummy.
The guardian mummy is heavily damaged.
You slash the juggernaut zombie! The juggernaut zombie hits you!
With a swish of your cloak, you release a cloud of fog.
The juggernaut zombie hits you but does no damage.
The juggernaut zombie resists.
The juggernaut zombie is very cold.
The juggernaut zombie is almost destroyed.
You slash the juggernaut zombie!
The juggernaut zombie is almost destroyed.
You barely miss the guardian mummy. The guardian mummy hits you!
The guardian mummy resists.
The guardian mummy is very cold.
The guardian mummy is heavily damaged.
You hit the juggernaut zombie.
The juggernaut zombie is almost destroyed.
You hit the guardian mummy. You slash the juggernaut zombie!
The juggernaut zombie is almost destroyed.
You slash the guardian mummy! The guardian mummy closely misses you.
You hit the juggernaut zombie but do no damage.
The juggernaut zombie is almost destroyed.
You hit the guardian mummy. The juggernaut zombie hits you!!!
You die...

####...##.# #.##.##.#
#....§§.§§###.##.##..
#...§§§§§§..........M
#..§§§§§§§.##.#####[#
####§§§##§.##........
#§§§##..#...###.(#
#§.§##......# #..#
#MZ####.#...###...
########@§§.............#
......§§§§§.##.########.#
#######..§..##.# #.#
#.....##.# #.# #.....##.#
#.# ##.....##.# #.#
............# .#
#####.######...... .# #.#
.#####


You could see a guardian mummy and a juggernaut zombie.

Vanquished Creatures
  Gastronok (D:8)
  A minotaur (Gauntlet)
  The ghost of Yqoodd the Thaumaturge, a journeyman GnWr of Kikubaaqudgha (D:13)
  2 vault guards (D:13)
  2 hydras
  Josephine (D:11)
  A boulder beetle (D:12)
  Harold (D:9)
  Erolcha (D:11)
  4 centaur warriors
  3 death yaks (D:10)
  5 two-headed ogres
  A thrashing horror (Abyss:2)
  A tengu warrior (D:13)
  Sonja (D:11)
  A glowing orange brain (Abyss:2)
  A flayed ghost (D:15)
  A wizard (D:13)
  2 deep elf pyromancers (D:14)
  3 necromancers
  2 ugly things
  A fire giant zombie (D:15)
  2 cyclopes
  3 manticores
  A gargoyle (D:14)
  A freezing wraith (D:14)
  3 rime drakes (D:13)
  6 trolls
  A tengu conjurer (D:10)
  A polar bear (D:13)
  13 slime creatures
  8 centaur simulacra (D:13)
  7 wraiths
  2 shadows
  2 water elementals
  2 wyverns (D:10)
  A vampire (D:10)
  Sigmund (D:6)
  13 yaks
  2 basilisks
  19 humans (D:13)
  5 vampire mosquitoes
  A chaos spawn (Gauntlet)
  Menkaure (D:6)
  A neqoxec (Gauntlet)
  A warg (D:11)
  3 acid dragons (D:10)
  2 water moccasins
  3 orc warriors
  3 ice beasts
  2 sky beasts (D:7)
  A wolf (D:13)
  10 centaurs
  An ogre (D:5)
  A phantom (D:5)
  Blork the orc (D:5)
  4 kobold brigands (D:7)
  4 bullfrogs
  A wyvern zombie (D:7)
  4 scorpions
  A gnoll sergeant (D:6)
  A wyvern skeleton (D:6)
  A water moccasin skeleton (D:5)
  A small abomination (Abyss:2)
  3 killer bees
  A wight (D:8)
  An electric eel (D:15)
  2 howler monkeys (D:10)
  5 centaur zombies
  2 bullfrog zombies
  4 jellies
  5 hounds
  5 orc priests
  A gnoll shaman (D:10)
  2 iguanas
  A hell rat (D:10)
  4 orc wizards
  A killer bee zombie (D:6)
  14 mummies
  A hound skeleton (D:5)
  A howler monkey zombie (D:9)
  9 gnolls
  A howler monkey skeleton (D:6)
  4 adders
  A river rat (D:10)
  A shadow imp (D:7)
  4 white imps
  2 worms
  9 dart slugs
  28 orcs
  12 endoplasms
  2 giant cockroaches
  12 goblins
  9 hobgoblins
  2 jackals (D:1)
  6 quokkas
  5 ball pythons
  2 bats (D:2)
  4 frilled lizards
  A gnoll skeleton (Ossuary)
  2 goblin skeletons (Ossuary)
  11 kobolds
  2 kobold skeletons (Ossuary)
  3 orc skeletons (Ossuary)
  8 rats
  11 rat skeletons (Ossuary)
382 creatures vanquished.

Vanquished Creatures (others)
  A vampire (D:11)
  An orc wizard (D:10)
  3 fungi (D:7)
  2 plants
  12 toadstools (D:7)
  7 withered plants (D:15)
26 creatures vanquished.

Grand Total: 408 creatures vanquished

Notes
Turn   | Place    | Note
-------+----------+-------------------------------------------
     0 | D:1      | crimpus the Demigod Brigand began the quest for the Orb.
     0 | D:1      | Reached XP level 1. HP: 17/17 MP: 3/3
   484 | D:1      | Reached XP level 2. HP: 24/24 MP: 4/4
  1345 | D:2      | Reached skill level 1 in Dodging
  1656 | D:2      | Reached XP level 3. HP: 29/29 MP: 5/5
  2883 | D:3      | Reached XP level 4. HP: 19/36 MP: 6/6
  2899 | D:3      | HP: 1/36 [gnoll/+0 spear (4)]
  2911 | D:3      | Reached skill level 5 in Stealth
  3557 | D:4      | Identified the +11 hand axe of the Morning {venom, Int+4}
  3899 | D:4      | Reached XP level 5. HP: 42/42 MP: 7/7
  4697 | D:5      | Entered Level 5 of the Dungeon
  4774 | D:5      | Reached skill level 1 in Axes
  4789 | D:5      | Found Yngept's Overcharged Wands.
  4801 | D:5      | Reached skill level 1 in Armour
  4801 | D:5      | Reached XP level 6. HP: 27/51 MP: 8/8
  5140 | D:5      | Found a sand-covered staircase.
  5146 | Ossuary  | Entered an ossuary
  6559 | Ossuary  | Reached skill level 2 in Axes
  6878 | D:5      | Found Vimetsag's Book Shop.
  6937 | D:5      | Reached skill level 3 in Axes
  6937 | D:5      | Reached XP level 7. HP: 57/57 MP: 9/9
  6972 | D:5      | Found Asmadgh's Jewellery Shoppe.
  6976 | D:5      | Noticed Blork the orc
  6982 | D:5      | Killed Blork the orc
  7579 | D:5      | Reached skill level 4 in Axes
  7633 | D:5      | Found Udgho's Assorted Antiques.
  7917 | D:6      | Identified the +1 ring mail of the Present {rC+ rN+ Will-
                  | Int+3}
  7966 | D:6      | Noticed Menkaure
  7976 | D:6      | Killed Menkaure
  7977 | D:6      | Reached skill level 5 in Axes
  7977 | D:6      | Reached XP level 8. HP: 5/66 MP: 10/10
  8618 | D:6      | Found a runed translucent door.
  8629 | D:6      | Noticed smarlow's ghost (novice MiFi)
  8678 | D:6      | Noticed Sigmund
  8690 | D:6      | Killed Sigmund
  8716 | D:6      | Found a staircase to the Ecumenical Temple.
  9235 | D:6      | Reached skill level 6 in Axes
  9235 | D:6      | Reached skill level 5 in Armour
  9741 | D:7      | Reached skill level 1 in Evocations
  9863 | D:7      | Noticed a slime creature
  9863 | D:7      | Noticed a slime creature
  9899 | D:7      | Killed a slime creature
  9900 | D:7      | Reached skill level 5 in Fighting
  9900 | D:7      | Reached XP level 9. HP: 57/74 MP: 11/11
 10113 | D:7      | Reached skill level 7 in Axes
 11423 | D:8      | Gained mutation: You have sharp toenails. [potion of
                  | mutation]
 11424 | D:8      | Lost mutation: You have sharp toenails. [potion of
                  | mutation]
 11424 | D:8      | Gained mutation: You tend to lose your temper in combat.
                  | [potion of mutation]
 11424 | D:8      | Gained mutation: You have supernaturally acute eyesight.
                  | (SInv) [potion of mutation]
 11439 | D:8      | Lost mutation: You tend to lose your temper in combat.
                  | [potion of mutation]
 11439 | D:8      | Lost mutation: You have supernaturally acute eyesight.
                  | (SInv) [potion of mutation]
 11439 | D:8      | Gained mutation: Your mind is acute. (Int +2) [potion of
                  | mutation]
 11439 | D:8      | Gained mutation: A frigid envelope surrounds you and
                  | freezes all who hurt you. [potion of mutation]
 11652 | D:8      | Noticed Gastronok
 11666 | D:8      | Killed Gastronok
 11667 | D:8      | Reached skill level 8 in Axes
 11966 | D:8      | Reached XP level 10. HP: 39/83 MP: 13/13
 11969 | D:8      | Reached skill level 9 in Axes
 13771 | D:9      | Noticed Harold
 13777 | D:9      | Killed Harold
 14797 | D:10     | Entered Level 10 of the Dungeon
 15000 | D:10     | Found Umouh's Antique Weapon Boutique.
 15165 | D:10     | Found a runed translucent door.
 15193 | D:10     | Noticed a death yak
 15212 | D:10     | Noticed a death yak
 15216 | D:10     | Killed a death yak
 15217 | D:10     | Reached skill level 10 in Axes
 15555 | D:10     | Killed a death yak
 15995 | D:10     | Found a runed translucent door.
 16153 | D:10     | Found a staircase to the Lair.
 16165 | D:10     | Noticed a death yak
 16182 | D:10     | Killed a death yak
 16611 | D:10     | Reached XP level 11. HP: 59/91 MP: 14/14
 17983 | D:11     | Noticed a two-headed ogre
 17991 | D:11     | Killed a two-headed ogre
 17992 | D:11     | Reached skill level 10 in Armour
 17992 | D:11     | Noticed Josephine
 17997 | D:11     | Found Heciy's Antique Weapon Boutique.
 18629 | D:11     | Reached skill level 11 in Axes
 18651 | D:11     | Killed Josephine
 19039 | D:11     | Noticed a two-headed ogre
 19057 | D:10     | Killed a two-headed ogre
 19494 | D:11     | Noticed Erolcha
 20749 | D:11     | Cast into level 2 of the Abyss (Erolcha)
 20764 | Abyss:2  | Noticed a thrashing horror
 20779 | Abyss:2  | Killed a thrashing horror
 20803 | Abyss:2  | Noticed a glowing orange brain
 20823 | Abyss:2  | Killed a glowing orange brain
 20846 | Abyss:2  | Noticed a red very ugly thing
 20847 | Abyss:2  | Noticed a red very ugly thing
 20849 | Abyss:2  | Noticed a wretched star
 20887 | Abyss:2  | Noticed a rakshasa
 20892 | Abyss:2  | Noticed a bone dragon
 20899 | D:11     | Escaped the Abyss
 21653 | D:11     | Noticed a two-headed ogre
 21662 | D:11     | Killed a two-headed ogre
 21818 | D:11     | Killed Erolcha
 22267 | D:11     | Found a staircase to the Orcish Mines.
 22270 | D:11     | Found Noun's Book Shoppe.
 22320 | D:11     | Found Isatu's Assorted Antiques.
 22466 | D:11     | Noticed Sonja
 22472 | D:11     | Killed Sonja
 23000 | D:11     | Reached XP level 12. HP: 74/101 MP: 15/15
 24002 | D:12     | Noticed a boulder beetle
 24138 | D:12     | Killed a boulder beetle
 24711 | D:12     | Reached skill level 12 in Axes
 25800 | D:13     | Found a gate leading to a gauntlet.
 25822 | D:13     | Found a runed translucent gate.
 25822 | D:13     | Found a runed translucent gate.
 25822 | D:13     | Found a runed translucent gate.
 25893 | Gauntlet | Entered a Gauntlet
 25893 | Gauntlet | Found a transporter.
 25903 | Gauntlet | Found a transporter.
 25906 | Gauntlet | Found a transporter.
 25907 | Gauntlet | Found a transporter.
 25915 | Gauntlet | Found a transporter.
 25918 | Gauntlet | Found a transporter.
 25919 | Gauntlet | Found a transporter.
 25921 | Gauntlet | Noticed a ghost crab
 25927 | Gauntlet | Found a transporter.
 25930 | Gauntlet | Found a transporter.
 25931 | Gauntlet | Found a transporter.
 25940 | Gauntlet | Found a transporter.
 25942 | Gauntlet | Found a transporter.
 25943 | Gauntlet | Found a transporter.
 25951 | Gauntlet | Found a transporter.
 26292 | Gauntlet | Identified the +5 war axe of the Toadstool {vamp, rF++ rC+
                  | Will- Dex-4}
 26292 | Gauntlet | Noticed a minotaur
 26311 | Gauntlet | Killed a minotaur
 26329 | Gauntlet | Found the +2 cloak of the Thief {*Fog Slay-2 SInv Stlth+}
 26347 | Gauntlet | Got the Grimoire of Mysticism
 26350 | Gauntlet | Identified the +1 robe "Ashryg" {Fly Will++ rCorr}
 26674 | D:13     | Noticed Yqoodd's ghost (journeyman GnWr)
 27365 | D:13     | Killed Yqoodd's ghost
 27735 | D:13     | Identified the +8 chain mail "Tyocvef" {rF++ Dex+6}
 28138 | D:13     | Noticed a six-headed hydra
 28145 | D:13     | Killed a six-headed hydra
 28298 | D:13     | Reached skill level 13 in Axes
 28300 | D:13     | Reached XP level 13. HP: 63/111 MP: 16/16
 28518 | D:13     | Found a gate to the Vaults.
 29582 | D:14     | Reached skill level 1 in Shields
 30466 | D:15     | Entered Level 15 of the Dungeon
 30480 | D:15     | Reached skill level 14 in Axes
 30482 | D:15     | Identified the +1 mace of the Red Skies {venom, rC- Will+
                  | Int+4}
 31793 | D:15     | Found a staircase to the Depths.
 32393 | D:15     | Slain by a juggernaut zombie

Illustrated notes

Levels and vault maps discovered:
D:1:      lemuel_arrival_river_ford, layout_rooms,
          ebering_ecumenical_altar_mist, chequers_arboretum
D:2:      cheibrodos_old_hovel, layout_loops_ring, grunt_ministairs_6,
          bh_walls_and_bars
D:3:      layout_loops_cross, mainiacjoe_overflow_two_lobes
D:4:      kennysheep_slugbush, layout_gridville
D:5:      layout_basic, nicolae_hepliaklqana_ecumenical_no_more, serial_shops,
          nicolae_lakefront_shop, nicolae_shop_advertising_works
          [nicolae_subvault_shop_adworks], nicolae_square_shop,
          gup_ossuary_entry_pyramid, nicolae_shop_overcharged_wands,
          uniq_blork_the_orc
D:6:      layout_basic, nicolae_gozag_seed_capital, minmay_temple_entry_arrows,
          ebering_ghost_reflecting_pool, uniq_sigmund, uniq_menkaure
D:7:      cheibrodos_fertilizer, layout_layer_cave, lemuel_doored_altar,
          slow_altar_1, mainiacjoe_overflow_boulevard, enter_bailey_7,
          eino_small_chamber_without_monster, dk_noncrumbling_4
D:8:      layout_basic, minmay_fractal_squares_diagonal_5, uniq_gastronok
D:9:      layout_cave_pools, minitemple, corexii_hall_statues_x, minmay_puff,
          uniq_erica, uniq_harold
D:10:     cheibrodos_histonic, layout_stronghold, dpeg_lair_monsters,
          serial_shops, nicolae_stop_n_shop_1
D:11:     layout_cave_pools, david_orc_3, serial_shops, shop, shop,
          kennysheep_mini_moat, minmay_quadrilaterals, uniq_erolcha, uniq_sonja,
          uniq_josephine
D:12:     layout_cave_pools
D:13:     layout_irregular_city, grunt_vaults_entry_tiered, serial_ice,
          serial_ice_h, serial_ice_a, serial_ice_g, serial_ice_o,
          portal_ice_cave_entry_pillars_2, gammafunk_ghost_icy,
          gauntlet_entry_generic, hangedman_decor_growths
D:14:     layout_irregular_city, minivault_4, nicolae_sif_muna_condensation
D:15:     gammafunk_depths_entry_grave, layout_loops_ring, solitary_fountain,
          nicolae_water_bricks

Skill      XL: |  1  2  3  4  5  6  7  8  9 10 11 12 13 |
---------------+----------------------------------------+-----
Stealth        | 4 5 |  5.0
Short Blades   | 2 |  2.8
Dodging        | 1 2 3 |  3.4
Fighting       | 2 3 4 5 6 7 9 |  9.9
Axes           | 1 3 5 6 8 10 11 13 14 | 14.2
Armour         | 1 2 3 5 7 9 11 12 13 | 13.1
Evocations     | 1 |  1.0
Shields        | 2 |  2.9
Throwing       | |  1.7

Action                   |  1- 3 |  4- 6 |  7- 9 | 10-12 | 13-15 || total
-------------------------+-------+-------+-------+-------+-------++-------
Melee: Dagger            |    95 |       |       |       |       ||    95
       Falchion          |    68 |    35 |       |       |       ||   103
       Hand axe          |       |   114 |   188 |   537 |   224 ||  1063
       Punch             |       |     4 |     1 |     7 |     2 ||    14
       Spear             |       |       |       |     4 |       ||     4
       Mace              |       |       |       |       |     4 ||     4
Throw: Dart              |     1 |       |       |     2 |       ||     3
  Use: Potion            |       |     6 |     4 |     7 |       ||    17
       Scroll            |       |     6 |     4 |    12 |     2 ||    24
 Stab: Sleeping          |    11 |     4 |       |       |       ||    15
       Distracted        |       |       |       |       |     1 ||     1
Armor: Robe              |    33 |     4 |       |       |       ||    37
       Leather armour    |       |     2 |       |       |       ||     2
       Chain mail        |       |    34 |   102 |    67 |    89 ||   292
       Plate armour      |       |       |       |   234 |       ||   234
       Storm dragon scal |       |       |       |    60 |       ||    60
Dodge: Dodged            |    82 |    59 |    66 |   237 |    68 ||   512
Block: Kite shield       |       |       |       |       |    84 ||    84
